 Dungeon Crawl Stone Soup version 0.26.0-10-g1f06aea511 (webtiles) character file.

Game seed: 9213011203573403554

43 Borgoz the Ducker (level 3, -7/30 HPs)
             Began as a Ghoul Gladiator on Jan 30, 2021.
             Killed by divine providence
             ... invoked by an orc priest
              (11 damage)
             ... on level 2 of the Dungeon.
             The game lasted 00:00:53 (895 turns).

Borgoz the Ducker (Ghoul Gladiator)                  Turns: 895, Time: 00:00:54

Health: -7/30      AC:  4    Str: 15 (17) XL:     3   Next: 58%
Magic:  2/2        EV: 12    Int:  1 (3)  God:
Gold:   81         SH:  0    Dex: 11      Spells: 2/2 levels left

rFire    . . .     SeeInvis .   g - +6 dagger
rCold    + . .     Faith    .   (no shield)
rNeg     + + +     Spirit   .   b - +0 leather armour
rPois    ∞         Reflect  .   c - +0 helmet
rElec    .         Harm     .   (no cloak)
rCorr    .         Rampage  .   (no gloves)
Will     .....                  (no boots)
Stlth    +.........             (no amulet)
HPRegen  0.00/turn              (no ring)
MPRegen  0.08/turn              (no ring)

@: no status effects
A: claws 1, cold resistance 1, negative energy resistance 3, inhibited
regeneration, torment resistance, unbreathing
a: no special abilities


You were on level 2 of the Dungeon.
You visited 1 branch of the dungeon, and saw 2 of its levels.

You collected 81 gold pieces.

Inventory:

Hand Weapons
 a - a +0 long sword
 g - a +6 dagger (weapon)
Missiles
 d - 3 throwing nets (quivered)
Armour
 b - a +0 leather armour (worn)
 c - a +0 helmet (worn)
Scrolls
 e - 3 scrolls of identify {unknown}
 f - a scroll of enchant weapon {unknown}
 k - a scroll of enchant armour {unknown}
 n - a scroll of remove curse {unknown}
Potions
 h - a potion of berserk rage {unknown}
 i - a potion of curing {unknown}
 l - 2 potions of flight {unknown}
 m - a potion of cancellation {unknown}


   Skills:
 + Level 2.5 Fighting
 * Level 3.2 Long Blades
 - Level 1.7 Throwing
 + Level 1.0 Armour
 * Level 3.2 Dodging


You had 2 spell levels left.
You didn't know any spells.
Your spell library was empty.

Dungeon Overview and Level Annotations

Branches:
Dungeon (2/15)

Altars:


Innate Abilities, Weirdness & Mutations

You thrive by killing the living.
You are immune to poison.
You have sharp fingernails.
Your flesh is cold resistant. (rC+)
You are immune to negative energy. (rN+++)
You do not regenerate when monsters are visible.
You are immune to unholy pain and torment.
You can survive without breathing.


Message History

You hear a shout!
An orc comes into view. It is wielding a +0 mace.
The orc shouts!
You closely miss the orc priest.
It was a potion of mutation.
You feel extremely strange.
Your body decomposes!
You feel dopey.
Your body decomposes!
You feel weakened.
Your body decomposes!
You feel dopey.
Your body decomposes!
You feel weakened.
The orc priest begins to cast a cantrip, but forgets the words!
The orc priest invokes the aid of Beogh against you.
Beogh smites you!
* * * LOW HITPOINT WARNING * * *
The orc priest calls down the wrath of Beogh upon you.
Beogh smites you!
You die...

#....#....
#....+.)..
#....#....
#......#.#
#......#.#
#....o.#.#
#.....o#o##
#.o@.#
#.#####.#######
#.............#
#######.#####.#
#######'## #
#........#
#..##
#........#
#....
#........#
##.##
#........#


You could see 2 orc priests and 2 orcs.

Vanquished Creatures
  An adder (D:2)
  3 dart slugs (D:1)
  3 leopard geckos (D:1)
  6 bats (D:1)
  2 hobgoblins (D:1)
  3 jackals (D:1)
  2 kobolds (D:1)
  3 frilled lizards (D:1)
  A goblin (D:1)
  2 rats (D:1)
26 creatures vanquished.

Notes
Turn   | Place    | Note
-------+----------+-------------------------------------------
     0 | D:1      | Borgoz the Ghoul Gladiator began the quest for the Orb.
     0 | D:1      | Reached XP level 1. HP: 17/17 MP: 0/0
   302 | D:1      | Reached XP level 2. HP: 24/25 MP: 1/1
   499 | D:1      | Reached XP level 3. HP: 27/30 MP: 2/2
   776 | D:2      | Reached skill level 1 in Armour
   895 | D:2      | Killed from afar by an orc priest

Illustrated notes

Levels and vault maps discovered:
D:1:      minmay_arrival_loop, layout_rooms
D:2:      layout_basic

Skill      XL: |  1  2  3 |
---------------+----------+-----
Long Blades    | 3 |  3.2
Dodging        | 3 |  3.2
Armour         | 1 |  1.0
Fighting       | |  2.5
Throwing       | |  1.7

Action                   || total
-------------------------++-------
Melee: Long sword        ||    29
       Dagger            ||    49
  Use: Potion            ||     1
Armor: Leather armour    ||    37
Dodge: Dodged            ||    67
       Rpst.: Long sword ||    11
